 Dungeon Crawl Stone Soup version 0.31-a0-232-gb1c03b2570 (webtiles) character file.

Game seed: 9533740422538085561

80 qw the Shooter (level 4, -5/26 HPs)
             Began as a Gargoyle Hexslinger on July 7, 2023.
             Slain by a gnoll
             ... wielding a +0 halberd
              (9 damage)
             ... on level 2 of the Dungeon.
             The game lasted 00:00:33 (849 turns).

qw the Shooter (Gargoyle Hexslinger)                 Turns: 849, Time: 00:00:33

Health: -5/26      AC: 12    Str: 12    XL:     4   Next: 39%
Magic:  5/5        EV: 10    Int:  8    God:
Gold:   85         SH:  0    Dex: 14    Spells: 4/5 levels left

rFire   + . .        Y - +1 sling
rCold   + . .        (no shield)
rNeg    + . .        h - +0 ring mail
rPois   inf          (no helmet)
rElec   +            (no cloak)
rCorr   .            (no gloves)
SInv    .            (no boots)
Will    +....        (no amulet)
Stlth   +            n - +4 ring of protection
HPRegen 0.24/turn    a - ring of Ypalaow {rF+ rC+ Will+ Int-5}
MPRegen 0.09/turn

%: no passive effects
@: no status effects
A: sickness immunity, AC +3, negative energy resistance 1, electricity
resistance, torment resistance 1, petrification resistance
a: no special abilities


You were on level 2 of the Dungeon.
You visited 1 branch of the dungeon, and saw 2 of its levels.

You collected 85 gold pieces.


Innate Abilities, Weirdness & Mutations

You are immune to sickness and miasma.
Your stone body is resilient. (AC +3)
You are immune to poison.
You resist negative energy. (rN+)
You are resistant to electric shocks. (rElec)
You are resistant to unholy torment.
You are immune to petrification.


   Skills:
 - Level 2.3 Fighting
 + Level 4.0 Ranged Weapons
 - Level 1.5 Dodging
 - Level 1.0 Spellcasting
 - Level 2.6 Hexes


You had 4 spell levels left.
You knew the following spells:

 Your Spells              Type           Power      Damage    Failure   Level
a - Slow                  Hex            16%        N/A       30%         1

Your spell library contained the following spells:

 Spells                   Type           Power      Damage    Failure   Level
 Inner Flame              Hex/Fire       2%         N/A       83%         3
 Portal Projectile        Hex/Tloc       4%         N/A       83%         3
 Cause Fear               Hex            2%         N/A       96%         4

Inventory:

Hand Weapons
 Y - a +1 sling (weapon)
Armour
 h - a +0 ring mail (worn)
Jewellery
 a - the ring of Ypalaow (right hand) {rF+ rC+ Will+ Int-5}
   (You acquired it on level 1 of the Dungeon)

   [ring of willpower]

   Int:       It affects your intelligence (-5).
   rF:        It protects you from fire.
   rC:        It protects you from cold.
   Will:      It increases your willpower.
 n - a +4 ring of protection (left hand)
Scrolls
 b - a scroll of identify
Potions
 c - a potion of attraction {unknown}
 d - a potion of might
 i - a potion of haste {unknown}
 k - 2 potions of curing {unknown}
 l - a potion of resistance {unknown}
 o - a potion of heal wounds {unknown}

Dungeon Overview and Level Annotations

Branches:
Dungeon (2/15)

Altars:

Shops:
D:2 =


Message History

The gnoll is severely wounded.
The gnoll completely misses you. The gnoll hits you but does no damage.
You shoot a sling bullet.
The sling bullet hits the gnoll but does no damage.
The gnoll is severely wounded.
The gnoll hits you but does no damage.
You shoot a sling bullet. The sling bullet hits the gnoll.
The gnoll is almost dead.
The gnoll hits you from afar with a +0 spear.
You shoot a sling bullet. The sling bullet hits the gnoll.
The gnoll is almost dead.
The gnoll barely misses you. x2
You shoot a sling bullet. The sling bullet hits the gnoll.
You kill the gnoll!
k - 2 orange potions (gained 1)
A gnoll comes into view. It is wielding a +0 halberd.
The gnoll shouts!
The gnoll hits you from afar with a +0 halberd.
Enter note:
Enter note: You shoot a sling bullet.
The sling bullet hits the gnoll but does no damage.
The gnoll is severely wounded.
The gnoll barely misses you. The gnoll hits you with a +0 spear.
You shoot a sling bullet. The sling bullet hits the gnoll.
The gnoll is severely wounded.
The gnoll hits you from afar with a +0 halberd.
The gnoll barely misses you. The gnoll hits you with a +0 spear.
The gnoll closely misses you.
You shoot a sling bullet. The sling bullet hits the gnoll.
You kill the gnoll!
The gnoll hits you from afar with a +0 halberd.
Your Ranged Weapons skill increases to level 4!
You shoot a sling bullet.
The sling bullet closely misses the gnoll.
The gnoll hits you from afar with a +0 halberd.
You shoot a sling bullet. The sling bullet hits the gnoll.
The gnoll is heavily wounded.
The gnoll hits you from afar with a +0 halberd!
You die...

........
........ ....#
........ ....#
.######. .....#
.# ....# .#
#.... .# g.. .#
####)# %#
#######..@.# .##
#.......####
......##.#...###
.####..#...#.#
.#####+#..##.#
.#......>....#
.#...........#
##..............
...............#


You could see a gnoll.

Vanquished Creatures
  3 gnolls
  A worm (D:2)
  A dart slug (D:2)
  An orc (D:2)
  2 bats
  3 endoplasms (D:1)
  A giant cockroach (D:1)
  4 goblins
  6 hobgoblins
  7 jackals (D:1)
  3 kobolds
  2 frilled lizards
  6 rats (D:1)
40 creatures vanquished.

Notes
Turn   | Place    | Note
-------+----------+-------------------------------------------
     0 | D:1      | qw the Gargoyle Hexslinger began the quest for the Orb.
     0 | D:1      | Reached XP level 1. HP: 12/12 MP: 2/2
     0 | D:1      | 0 ||| qw: Version: 0.3-a-46-gb1f654a
     0 | D:1      | 0 ||| qw: Game counter: 2372
     0 | D:1      | 0 ||| qw: Melee chars always use a shield: true
     0 | D:1      | 0 ||| qw: God list: Okawaru
     0 | D:1      | 0 ||| qw: Allow faded altars: false
     0 | D:1      | 0 ||| qw: Do Orc after clearing Dungeon:15 true
     0 | D:1      | 0 ||| qw: Do second Lair branch before Depths: true
     0 | D:1      | 0 ||| qw: Lair rune preference: random
     0 | D:1      | 0 ||| qw: Goals: Normal
     0 | D:1      | 0 ||| PLANNING D:1-11
    68 | D:1      | Reached XP level 2. HP: 16/16 MP: 3/3
   126 | D:1      | Reached skill level 3 in Ranged Weapons
   348 | D:1      | Reached XP level 3. HP: 21/21 MP: 4/4
   411 | D:1      | Found a faded altar of an unknown god.
   596 | D:1      | 596 ||| UPGRADING to +0 leather armour.
   606 | D:1      | 606 ||| DROPPING +0 robe.
   607 | D:1      | 607 ||| UPGRADING to +0 ring mail.
   617 | D:1      | 617 ||| DROPPING +0 leather armour.
   618 | D:1      | 618 ||| DROPPING +6 ring of intelligence.
   619 | D:1      | 619 ||| UPGRADING to +4 ring of protection.
   620 | D:1      | 620 ||| READING scroll labelled VOIKHAXASU.
   620 | D:1      | Identified a scroll of acquirement
   620 | D:1      | 620 ||| ACQUIRING ring of Ypalaow {rF+ rC+ Will+ Int-5}
   620 | D:1      | Acquired the ring of Ypalaow {rF+ rC+ Will+ Int-5}
   622 | D:1      | 622 ||| UPGRADING to ring of Ypalaow {rF+ rC+ Will+ Int-5}.
   623 | D:1      | 623 ||| READING scroll labelled QOUBETW TELITO.
   624 | D:1      | 624 ||| READING scroll labelled DOFAIF SEWK.
   625 | D:1      | 625 ||| DRINKING 2 dark potions.
   626 | D:1      | 626 ||| DROPPING scroll of poison.
   658 | D:2      | Found Momaon's Jewellery Shop.
   669 | D:2      | 669 ||| SHOPLISTING +6 ring of strength (468 gold, have
                  | 64).
   669 | D:2      | 669 ||| SHOPLISTING amulet of faith (520 gold, have 64).
   669 | D:2      | 669 ||| SHOPLISTING amulet of reflection (390 gold, have
                  | 64).
   669 | D:2      | 669 ||| SHOPLISTING amulet of regeneration (390 gold, have
                  | 64).
   669 | D:2      | 669 ||| SHOPLISTING ring "Ynaut" {rF+ rN+ rCorr Str-4
                  | Slay+2} (543 gold, have 64).
   669 | D:2      | 669 ||| SHOPLISTING ring of resist corrosion (260 gold,
                  | have 64).
   735 | D:2      | Reached XP level 4. HP: 26/26 MP: 5/5
   750 | D:2      | Identified the +2 quarterstaff "Miru" {antimagic, rF+ Str+2
                  | Int+3}
   848 | D:2      | Reached skill level 4 in Ranged Weapons
   848 | D:2      | HP: 4/26 [gnoll/+0 halberd (3)]
   849 | D:2      | Slain by a gnoll

Levels and vault maps discovered:
D:1:      dpeg_arrival_windows_large_door, layout_rooms,
          shapermc_ecumenical_altar_venn, glass_columns_c, eino_curves_04,
          minmay_heptomino_d4
D:2:      layout_basic, basic_altar, serial_shops, nicolae_shop_tiny_glass

Skill      XL: |  1  2  3  4 |
---------------+-------------+-----
Ranged Weapons | 3 4 |  4.0
Fighting       | 2 |  2.3
Dodging        | |  1.5
Spellcasting   | |  1.0
Hexes          | |  2.6

Action                     |  1- 3 |  4- 6 || total
---------------------------+-------+-------++-------
   Fire: Sling             |   118 |    24 ||   142
    Use: Scroll            |     3 |       ||     3
         Potion            |     1 |       ||     1
 Armour: Robe              |    12 |       ||    12
         Ring mail         |     3 |     6 ||     9
  Dodge: Dodged            |    46 |    11 ||    57

Table legend:
 A = Non-vault XP
 B = Vault XP
 C = Vault XP percentage of total XP
 D = Non-vault monster count
 E = Vault monster count
 F = Vault count percentage of total count
                 A         B        C        D         E       F
            +---------+---------+-------+---------+---------+-------
      Total |     110 |       5 |   4.3 |      36 |       4 |  10.0
            +---------+---------+-------+---------+---------+-------
        D:1 |      57 |       5 |   8.1 |      24 |       4 |  14.3
        D:2 |      53 |       0 |   0.0 |      12 |       0 |   0.0
            +---------+---------+-------+---------+---------+-------
